 Dungeon Crawl Stone Soup version 0.30-a0-728-gc68057be0a (webtiles) character file.

Game seed: 5969834354251871396

2262 Barriton the Arsonist (level 9, 0/93 HPs)
             Began as a Red Draconian Fire Elementalist on Jan 31, 2023.
             Succumbed to an orc's poison
             ... on level 6 of the Dungeon.
             The game lasted 00:19:41 (7370 turns).

Barriton the Arsonist (DrFE)                        Turns: 7370, Time: 00:19:41

Health: 0/93       AC:  9    Str: 11    XL:     9   Next: 15%
Magic:  8/20       EV: 12    Int: 20    God:
Gold:   318        SH:  0    Dex: 11    Spells: 12/23 levels left

rFire   + . .      SeeInvis .      - Unarmed
rCold   . . .      Faith    .    (no shield)
rNeg    . . .      Spirit   .    (body armour unavailable)
rPois   .          Reflect  .    m - +2 hat
rElec   .          Harm     .    (no cloak)
rCorr   .          Rampage  .    (no gloves)
Will    .....                    (no boots) Stlth
                                 g - amulet of the acrobat
HPRegen 0.35/turn                (no ring)
MPRegen 0.17/turn                (no ring)

@: berserking, lethally poisoned (0 -> -7), very quick
A: breathe fire, AC +7, unfitting armour, fire resistance 1, cold-blooded
a: Breathe Fire


You were on level 6 of the Dungeon.
You visited 2 branches of the dungeon, and saw 8 of its levels.
You also visited: Sewer and Ossuary.

You collected 318 gold pieces.

Inventory:

Hand Weapons
 l - the +3 falchion of Wounding {flame, rPois rC+ MP-9 Int+5}
   (You found it on level 6 of the Dungeon)

   Int:       It affects your intelligence (+5).
   rC:        It protects you from cold.
   rPois:     It protects you from poison.
   MP:        It affects your magic capacity (-9).
Armour
 m - a +2 hat (worn)
Magical Staves
 q - a staff of cold
Jewellery
 g - an amulet of the acrobat (around neck)
 t - an amulet of reflection
 v - a ring of resist corrosion
Wands
 u - a wand of flame (20)
Scrolls
 c - a scroll of teleportation
 f - 5 scrolls of blinking
 n - a scroll of amnesia
 r - a scroll of fog
Potions
 a - a potion of magic
 b - 6 potions of curing
 d - 2 potions of haste
 e - a potion of flight
 h - a potion of berserk rage
 i - 2 potions of cancellation
 j - 2 potions of degeneration
 k - a potion of might
 o - 2 potions of attraction
 p - a potion of brilliance


   Skills:
 + Level 0.3 Fighting
 + Level 3.2 Dodging
 + Level 3.0 Stealth
 + Level 2.0 Unarmed Combat
 + Level 7.5 Spellcasting
 + Level 1.9 Conjurations
 + Level 10.0 Fire Magic


You had 12 spell levels left.
You knew the following spells:

 Your Spells              Type           Power      Damage    Failure   Level
a - Foxfire               Conj/Fire      100%       2x1d9     1%          1
b - Scorch                Fire           94%        2d9       1%          2
c - Beastly Appendage     Tmut           14%        N/A       9%          1
d - Inner Flame           Hex/Fire       27%        N/A       3%          3
e - Flame Wave            Conj/Fire      31%        2d9       8%          4

Your spell library contained the following spells:

 Spells                   Type           Power      Damage    Failure   Level
 Kindle Blastsparks       Fire/Tloc/Air  40%        2d13      7%          3
 Summon Small Mammal      Summ           28%        N/A       9%          1
 Wereblood                Tmut           7%         N/A       14%         2
 Hailstorm                Conj/Ice       11%        3d5       19%         3
 Call Canine Familiar     Summ           7%         N/A       26%         3
 Ozocubu's Armour         Ice            7%         N/A       26%         3
 Spider Form              Tmut/Pois      7%         N/A       26%         3
 Summon Guardian Golem    Hex/Summ       7%         N/A       26%         3
 Ice Form                 Ice/Tmut       7%         N/A       65%         4
 Simulacrum               Ice/Necr       3%         N/A       100%        6
 Summon Cactus Giant      Summ           3%         N/A       100%        6
 Ozocubu's Refrigeration  Ice            3%         4d8       100%        7


Dungeon Overview and Level Annotations

Branches:
Dungeon (7/15)             Temple (1/1) D:5           Sewer (visited)
Ossuary (visited)

Altars:
Fedhas
Makhleb
Ru
Sif Muna
Trog
Vehumet

Shops:
D:4 =!((   D:6 (

Annotations:
D:3 3 runed translucent doors, initializr's ghost, amateur KoBr


Innate Abilities, Weirdness & Mutations

You can breathe blasts of fire.
Your fiery red scales are hard. (AC +7)
You cannot fit into any form of body armour.
Your flesh is heat resistant. (rF+)
You are cold-blooded and may be slowed by cold attacks.


Message History

The orc warrior wields a +0 short sword.
The orc warrior hits you but does no damage.
You climb upwards.
You feel sick.
There is a stone staircase leading down here.
A red film seems to cover your vision as you go berserk!
You feel yourself moving faster!
You feel mighty!
You feel sick.
The orc priest is no longer more vulnerable to fire.
The orc barely misses you.
The orc priest begins to cast a cantrip, but forgets the words!
The orc priest miscasts a cantrip.
You are too berserk!
You are too injured to fight recklessly!
You are too injured to fight recklessly!
You are too injured to fight recklessly!
You are too injured to fight recklessly!
You are too injured to fight recklessly!
You completely miss the orc warrior.
Your tail-slap misses the orc warrior.
You feel sick.
The orc warrior is no longer more vulnerable to fire.
The orc warrior hits you with a +0 short sword.
* * * LOW HITPOINT WARNING * * *
You hit the orc warrior but do no damage.
The orc hits you with a +0 hand axe of venom.
* * * LOW HITPOINT WARNING * * *
You are lethally poisoned!
The orc priest hits you with a +0 short sword.
* * * LOW HITPOINT WARNING * * *
The orc warrior hits you with a +0 short sword.
* * * LOW HITPOINT WARNING * * *
You closely miss the orc warrior.
* * * LOW HITPOINT WARNING * * *
You feel sick. The orc closely misses you. The orc priest closely misses you.
You hit the orc.
You kill the orc!
* * * LOW HITPOINT WARNING * * *
You feel sick.
The orc warrior hits you but does no damage.
You barely miss the orc priest.
Your tail-slap misses the orc priest.
The orc priest is lightly wounded.
You die...

#.#.#.#.#.#.####..#...#'.#######
##.#.#.#.#.#.#.###.....###.##...
#.#.#.#.#.#.#..............##...
##.#.#.#.#.#.#......♣......##...
#.#.#.#.#.#.##.........?...#####
##.#.#.#.#.#..####.....###.### #
#.#.#.#.#.#.#.##.'#...#÷.##..# #
##.#.#.#.#.#..#o)o#...#...##.###
#.#.#.#.#.#.#.#@o##...##.<#.....
##.#.#.#.#.#..####.....#####....
#.#.#.#.#.#.#.#.###.##....##....
##.#.#.#.#.#..#.# #.....#.###..#
#######........#########.####..
########...............#.
#.................
########....###'##
#..............#


You could see an orc warrior and 2 orc priests.

Vanquished Creatures
  The ghost of mrw0lf the Cleaver, an amateur MiFi (D:5)
  Prince Ribbit (D:7)
  Menkaure (D:4)
  2 water moccasins
  An orc warrior (D:6)
  5 ice beasts
  A black bear (D:7)
  An ogre (D:6)
  A centaur (D:4)
  2 phantoms (D:5)
  A necrophage (D:3)
  A scorpion (D:4)
  An orc priest (D:5)
  2 jellies
  2 iguanas
  3 orc wizards (D:7)
  A mummy (Ossuary)
  10 adders
  3 gnolls (D:5)
  2 shadow imps (D:7)
  A white imp (D:5)
  A dart slug (D:1)
  7 orcs
  8 ball pythons
  11 bats
  7 endoplasms
  5 giant cockroaches
  A gnoll zombie (Ossuary)
  6 goblins
  4 hobgoblins
  A kobold (D:2)
  3 quokkas
  3 frilled lizards
  A goblin zombie (D:7)
  2 hobgoblin zombies (Ossuary)
  2 kobold zombies (Ossuary)
  An orc zombie (Ossuary)
  9 rats
115 creatures vanquished.

Vanquished Creatures (others)
  97 foxfires
  2 plants (D:3)
99 creatures vanquished.

Grand Total: 214 creatures vanquished

Notes
Turn   | Place    | Note
-------+----------+-------------------------------------------
     0 | D:1      | Barriton the Draconian Fire Elementalist began the quest
                  | for the Orb.
     0 | D:1      | Reached XP level 1. HP: 14/14 MP: 3/3
   223 | D:1      | Reached XP level 2. HP: 20/20 MP: 0/5
   919 | D:1      | Learned a level 2 spell: Scorch
  1007 | D:2      | Reached XP level 3. HP: 22/26 MP: 0/6
  2306 | D:3      | Reached XP level 4. HP: 21/33 MP: 0/7
  2495 | D:3      | Noticed a necrophage
  2500 | D:3      | Killed a necrophage
  2501 | D:3      | Reached skill level 1 in Unarmed Combat
  2501 | D:3      | Reached skill level 4 in Fire Magic
  2594 | D:3      | Reached XP level 5. HP: 38/38 MP: 3/9
  3114 | D:3      | Found a sacrificial altar of Ru.
  3140 | D:3      | Found a runed translucent gate.
  3140 | D:3      | Found a runed translucent gate.
  3140 | D:3      | Found a runed translucent gate.
  3140 | D:3      | Noticed initializr's ghost (amateur KoBr)
  3392 | D:4      | Found a bloodstained altar of Trog.
  3393 | D:4      | Found a radiant altar of Vehumet.
  3401 | D:4      | Learned a level 1 spell: Beastly Appendage
  3410 | D:4      | Noticed Menkaure
  3416 | D:4      | Killed Menkaure
  3417 | D:4      | Reached XP level 6. HP: 45/45 MP: 4/11
  3555 | D:4      | Reached skill level 5 in Fire Magic
  3913 | D:4      | Found Suaveses's Distillery.
  3915 | D:4      | Found Zogaghak's Weapon Boutique.
  3929 | D:4      | Found Wiacvece's Weapon Shop.
  4055 | D:4      | Found Wyutoygh's Jewellery Boutique.
  4155 | D:5      | Entered Level 5 of the Dungeon
  4200 | D:5      | Noticed an ice beast
  4209 | D:5      | Killed an ice beast
  4210 | D:5      | Your scales start taking on a fiery red colour.
  4210 | D:5      | Reached skill level 6 in Fire Magic
  4210 | D:5      | Reached XP level 7. HP: 50/50 MP: 0/14
  4210 | D:5      | Gained mutation: Your flesh is heat resistant. (rF+) [Red
                  | Draconian growth]
  4331 | D:5      | Reached skill level 5 in Spellcasting
  4534 | D:5      | Reached skill level 7 in Fire Magic
  5010 | D:5      | Reached skill level 8 in Fire Magic
  5010 | D:5      | Reached XP level 8. HP: 57/57 MP: 8/16
  5161 | D:5      | Found a staircase to the Ecumenical Temple.
  5172 | Temple   | Entered the Ecumenical Temple
  5219 | D:5      | Found a large runed translucent door.
  5219 | D:5      | Found a large runed translucent door.
  5223 | D:5      | Noticed mrw0lf's ghost (amateur MiFi)
  5381 | D:5      | Killed mrw0lf's ghost
  5587 | D:6      | Identified the +3 falchion of Wounding {flame, rPois rC+
                  | MP-9 Int+5}
  5703 | D:6      | Found a blossoming altar of Fedhas.
  5705 | D:6      | Found a burning altar of Makhleb.
  5727 | D:6      | Reached skill level 9 in Fire Magic
  5889 | D:6      | Found a glowing drain.
  5899 | Sewer    | Entered a sewer
  6136 | D:6      | Found Wereffou's Weapon Boutique.
  6740 | D:6      | Learned a level 3 spell: Inner Flame
  6745 | D:6      | Learned a level 4 spell: Flame Wave
  6828 | D:7      | Noticed Prince Ribbit
  6837 | D:7      | Killed Prince Ribbit
  6838 | D:7      | Reached XP level 9. HP: 54/62 MP: 8/20
  6919 | D:7      | Found a sand-covered staircase.
  6929 | Ossuary  | Entered an ossuary
  7188 | D:6      | Reached skill level 10 in Fire Magic
  7367 | D:6      | HP: 4/93 [orc warrior/+0 short sword (3)]
  7369 | D:6      | HP: 1/93 [poisoned by an orc]
  7370 | D:6      | Succumbed to an orc's poison

Illustrated notes

Levels and vault maps discovered:
D:1:      saegor_arrival_simple_c, layout_loops_ring
D:2:      layout_basic
D:3:      layout_rooms, nicolae_ru_path_of_blood, gammafunk_ghost_nasty_kobolds,
          saegor_snake_ambush
D:4:      layout_cave_pools, chequers_temple_overflow_statue_of_worship,
          serial_shops, shop, shop, shop, nicolae_stop_n_shop_1, uniq_menkaure
D:5:      layout_basic, minmay_temple_entry_statues_fountains,
          ebering_ghost_disaster_area, minmay_misc_feat_columns
D:6:      layout_basic, nicolae_overflow_hidden_temple, serial_curves,
          eino_curves_02, eino_curves_01, portal_sewer_entry_d,
          nicolae_take_the_stairs, grunt_ministairs_6, minivault_23
D:7:      old_forge, layout_rooms, mainiacjoe_overflow_concentric_impassable,
          enter_bailey_5, enter_ossuary_4, uniq_prince_ribbit1, uniq_duvessa
Temple:   eino_wide_crystal_templ

Skill      XL: |  1  2  3  4  5  6  7  8  9 |
---------------+----------------------------+-----
Dodging        | 2 3 |  3.2
Stealth        | 2 3 |  3.0
Unarmed Combat | 1 2 |  2.0
Spellcasting   | 3 4 5 7 |  7.5
Fire Magic     | 4 6 8 9 10 | 10.0
Fighting       | |  0.3
Conjurations   | |  1.9

Action                     |  1- 3 |  4- 6 |  7- 9 || total
---------------------------+-------+-------+-------++-------
  Melee: Unarmed           |    43 |    22 |    17 ||    82
         Tailslap          |     5 |     5 |     1 ||    11
         Punch             |     1 |       |       ||     1
   Cast: Foxfire           |    37 |    13 |    21 ||    71
         Scorch            |    15 |    46 |    80 ||   141
         Flame Wave        |       |       |     7 ||     7
         Beastly Appendage |       |       |     1 ||     1
Ability: Breathe Fire      |       |       |     1 ||     1
    Use: Scroll            |     9 |     1 |     7 ||    17
         Potion            |       |       |     3 ||     3
 Armour: Skin              |    19 |    14 |    21 ||    54
  Dodge: Dodged            |    31 |    28 |    53 ||   112

Table legend: (Time is in decaauts)
 A = Elapsed time spent in this place.
 B = Non-inter-level travel time spent in this place.
 C = Inter-level travel time spent in this place.
 D = Time resting spent in this place.
 E = Time spent auto-exploring this place.
 F = Levels seen in this place.
 G = Mean time per level.
                   A        B        C        D        E       F      G
               +--------+--------+--------+--------+--------+-----+--------+
         Total |   7402 |   7286 |    116 |      0 |   6305 |  10 |  740.2 |
       Dungeon |   7211 |   7095 |    116 |      0 |   6172 |   7 | 1030.1 |
        Temple |      1 |      1 |      0 |      0 |      0 |   1 |    1.0 |
         Sewer |    149 |    149 |      0 |      0 |    123 |   1 |  149.0 |
       Ossuary |     40 |     40 |      0 |      0 |     10 |   1 |   40.0 |
               +--------+--------+--------+--------+--------+-----+--------+

Top non-repeatable levels by time:
     D:6: 1354 daAuts
     D:2: 1305 daAuts
     D:5: 1244 daAuts
     D:3: 1135 daAuts
     D:1: 976 daAuts
     D:4: 847 daAuts
     D:7: 347 daAuts
   Sewer: 149 daAuts
 Ossuary: 40 daAuts
  Temple: 1 daAuts
